[Event "Titled Tuesday Blitz June 14 Late 2022"]
[White "Moroni, Luca Jr"]
[Black "Guz, Ari"]
[WhiteFideId "865834"]
[BlackFideId "2825759"]
[WhiteElo "2573"]
[BlackElo "1913"]
[Result "1/2-1/2"]
[Round "07"]
[TimeControl "180+1"]
[Date "2022.06.14"]
[WhiteClock "0:00:09"]
[BlackClock "0:00:15"]

1. b3 e5 2. Bb2 Nc6 3. c4 Nf6 4. Nf3 d6 5. d4 exd4 6. Nxd4 Nxd4 7. Qxd4 Be7 8. Nc3 O-O 9. g3 c6 10. Bg2 Qb6 11. Qxb6 axb6 12. O-O Be6 13. Rfd1 Rfd8 14. e3 Nd7 15. Ne2 Nc5 16. Nf4 Bg4 17. Rd2 Ra7 18. h3 Bf5 19. g4 Be4 20. b4 Bxg2 21. bxc5 Be4 22. cxd6 Rxd6 23. Rxd6 Bxd6 24. Rd1 Be7 25. Rd7 Bh4 26. a3 h6 27. Nh5 Ra4 28. Rxb7 Rxc4 29. Rxb6 Rc2 30. Ng3 Bxg3 31. fxg3 Rg2+ 32. Kf1 Rxg3 33. a4 Rxh3 34. a5 Rh1+ 35. Kf2 Bd3 36. a6 Bxa6 37. Rxa6 Rh2+ 38. Kf3 Rxb2 39. Rxc6 Rb5 40. Rc7 Rb6 41. Kf4 Rf6+ 42. Kg3 Kh7 43. Rb7 Kg6 44. Ra7 Re6 45. Kf3 Rb6 46. Rc7 Rf6+ 47. Kg3 h5 48. gxh5+ Kxh5 49. Rb7 Kg6 50. Ra7 Re6 51. Kf4 f5 52. Ra5 Re4+ 53. Kf3 Kf6 54. Ra7 g5 55. Ra6+ Re6 56. Ra5 g4+ 57. Kf2 Kg5 58. Ra8 Rh6 59. Rg8+ Kf6 60. Rf8+ Ke5 61. Re8+ Re6 62. Ra8 Rd6 63. Re8+ Kf6 64. Rf8+ Kg6 65. Rg8+ Kf7 66. Ra8 Rb6 67. Kg3 Rb4 68. Ra6 Re4 69. Kf2 f4 70. exf4 Rxf4+ 71. Kg3 Rb4 72. Kh4 Kg7 73. Rc6 Kf7 74. Ra6 Rc4 1/2-1/2


[Site "https://www.chess.com"]

[Event "Titled Tuesday Blitz June 14 Late 2022"]
[White "Ocelak, Jakub"]
[Black "Nazaretyan, Tigran"]
[WhiteFideId "23707933"]
[BlackFideId "24162345"]
[WhiteElo "2048"]
[BlackElo "2179"]
[Result "0-1"]
[Round "07"]
[TimeControl "180+1"]
[Date "2022.06.15"]
[WhiteClock "0:00:02"]
[BlackClock "0:00:08"]

1. e4 c5 2. a3 g6 3. h4 h5 4. Bc4 Bg7 5. Qf3 e6 6. d3 Nc6 7. Nc3 Nge7 8. Nge2 Ne5 9. Qe3 b6 10. Ba2 d5 11. exd5 exd5 12. d4 Ng4 13. Qd2 c4 14. Qd1 Nf5 15. Bg5 Qd7 16. Qd2 O-O 17. f3 Nf6 18. O-O-O b5 19. Rdg1 Nh7 20. Bf4 a5 21. g4 hxg4 22. fxg4 Ne7 23. h5 b4 24. Nb1 Rb8 25. hxg6 Nxg6 26. Bh6 f6 27. Bxg7 Qxg7 28. Ng3 Bxg4 29. Nh5 Bxh5 30. Rxh5 Ng5 31. b3 c3 32. Nxc3 bxc3 33. Qxc3 Nf4 34. Rh2 Rbc8 35. Qd2 Ng6 36. b4 Rfd8 37. bxa5 Ne4 38. Qe3 f5 39. Rhg2 Rc6 40. a6 Rxa6 41. Qf4 Nxf4 42. Rxg7+ Kf8 43. Rh7 Rg6 44. Rh8+ Ke7 45. Rgh1 Rxh8 46. Rxh8 Nc3 47. Kb2 Nxa2 48. Kxa2 Ne6 49. Kb3 Nxd4+ 50. Kb4 Nxc2+ 51. Kc5 Ne3 52. Kd4 Rg3 53. Rh7+ Kf6 54. Rh6+ Kg5 55. Rh8 f4 56. a4 Nf5+ 57. Ke5 Re3+ 58. Kxd5 f3 59. a5 f2 60. Rh1 Re1 61. Rxe1 fxe1=Q 62. a6 Qa5+ 63. Kc6 Qxa6+ 64. Kc7 Qd6+ 65. Kb7 Nd4 66. Kc8 Kf6 67. Kb7 Ke7 68. Kc8 Ke8 69. Kb7 Kd8 70. Ka8 Kc7 71. Ka7 Nc2 72. Ka8 Na3 73. Ka7 Nb5+ 74. Ka8 Qd5# 0-1


[Site "https://www.chess.com"]

[Event "Titled Tuesday Blitz June 14 Late 2022"]
[White "Oparin, Grigoriy"]
[Black "Mikhailov, Viacheslav"]
[WhiteFideId "24125890"]
[BlackFideId "4187369"]
[WhiteElo "2639"]
[BlackElo "2381"]
[Result "0-1"]
[Round "07"]
[TimeControl "180+1"]
[Date "2022.06.14"]
[WhiteClock "0:01:05"]
[BlackClock "0:01:28"]

1. f4 Nf6 2. Nf3 g6 3. g3 Bg7 4. Bg2 O-O 5. O-O d6 6. d3 c5 7. c3 Nc6 8. e4 Bg4 9. h3 Bxf3 10. Qxf3 Rc8 11. Be3 b5 12. d4 cxd4 13. cxd4 e5 14. fxe5 dxe5 15. d5 Nd4 16. Bxd4 exd4 17. Nd2 Nd7 18. Rac1 Ne5 19. Qb3 Qg5 20. Rcd1 d3 21. Nf3 Qxg3 22. Nxe5 Bxe5 23. Qxd3 Qh2+ 24. Kf2 f5 25. Qe2 fxe4+ 26. Ke3 Qg3+ 27. Kxe4 Rf4+ 28. Rxf4 Qxf4+ 29. Kd3 Qd4# 0-1


[Site "https://www.chess.com"]

[Event "Titled Tuesday Blitz June 14 Late 2022"]
[White "Peng, David Yu"]
[Black "Kamsky, Gata"]
[WhiteFideId "2605376"]
[BlackFideId "2000024"]
[WhiteElo "2166"]
[BlackElo "2645"]
[Result "0-1"]
[Round "07"]
[TimeControl "180+1"]
[Date "2022.06.14"]
[WhiteClock "0:00:22"]
[BlackClock "0:00:20"]

1. e4 g6 2. d4 Bg7 3. Nc3 d6 4. Be3 a6 5. f3 b5 6. Qd2 Bb7 7. Bd3 Nd7 8. h4 h6 9. Nce2 c5 10. c3 Ngf6 11. Nh3 e5 12. O-O h5 13. Rad1 O-O 14. Ng5 Qe7 15. d5 c4 16. Bc2 Nh7 17. Ng3 Nxg5 18. hxg5 a5 19. Nh1 Ba6 20. Nf2 Rfc8 21. g4 h4 22. Kg2 b4 23. Rh1 bxc3 24. bxc3 Rab8 25. Ba4 Bb5 26. Bxb5 Rxb5 27. Rxh4 Rcb8 28. Rc1 Nc5 29. Rhh1 a4 30. Bxc5 Rxc5 31. Rb1 Rcb5 32. Rb4 Rxb4 33. cxb4 a3 34. Rc1 Qc7 35. Nd1 Bf8 36. Ne3 Be7 37. Nxc4 Qd8 38. Rb1 Bxg5 39. Qf2 Qc7 40. Nxa3 Qc3 41. Rb3 Qc1 42. Qc2 Qe1 43. Qf2 Qd1 44. Qc2 Qe1 45. Qf2 Qc1 46. Qc2 Qf4 47. Qf2 Kg7 48. b5 Rh8 49. Kg1 Qc1+ 50. Kg2 Qh1+ 51. Kg3 Bf4# 0-1


[Site "https://www.chess.com"]

[Event "Titled Tuesday Blitz June 14 Late 2022"]
[White "Perera Alfonso, Rene Humberto"]
[Black "Korchmar, Vasiliy"]
[WhiteFideId "3514722"]
[BlackFideId "24131750"]
[WhiteElo "2313"]
[BlackElo "2370"]
[Result "0-1"]
[Round "07"]
[TimeControl "180+1"]
[Date "2022.06.14"]
[WhiteClock "0:00:11"]
[BlackClock "0:00:40"]

1. e4 c5 2. Nf3 d6 3. d4 cxd4 4. Nxd4 Nf6 5. Nc3 Nc6 6. Bc4 Qb6 7. Nxc6 bxc6 8. O-O g6 9. e5 dxe5 10. Qe2 Qc7 11. f4 e4 12. Nxe4 Bg7 13. Ng5 O-O 14. c3 Bg4 15. Qe1 Rab8 16. h3 Bf5 17. Bb3 h6 18. Nf3 Bd3 19. Rf2 Ne4 20. Re2 Bxe2 21. Qxe2 Ng3 22. Qe1 Nf5 23. Ne5 e6 24. g4 Ne7 25. Bd2 Nd5 26. c4 Nf6 27. Ba5 Qb7 28. Rd1 Rfc8 29. g5 hxg5 30. fxg5 Nh5 31. Rd7 Qa6 32. Nxf7 c5 33. Nd6 Re8 34. Nxe8 Rxe8 35. Bc3 Qc6 36. Rxa7 Nf4 37. Bxg7 Qg2# 0-1


[Site "https://www.chess.com"]

[Event "Titled Tuesday Blitz June 14 Late 2022"]
[White "Przybylski, Wojciech"]
[Black "Chiu, Isaac"]
[WhiteFideId "1117599"]
[BlackFideId "30900654"]
[WhiteElo "2133"]
[BlackElo "2117"]
[Result "1-0"]
[Round "07"]
[TimeControl "180+1"]
[Date "2022.06.14"]
[WhiteClock "0:00:09"]
[BlackClock "0:00:09"]

1. e4 e6 2. d4 d5 3. Nc3 Bb4 4. a3 Bxc3+ 5. bxc3 dxe4 6. Qg4 Nf6 7. Qxg7 Rg8 8. Qh6 Nc6 9. Ne2 e5 10. Qe3 Bf5 11. h3 Nd5 12. Qd2 Nb6 13. Ng3 Bg6 14. Bb5 a6 15. Bxc6+ bxc6 16. dxe5 Nc4 17. Qxd8+ Rxd8 18. Bf4 e3 19. fxe3 Bxc2 20. O-O Nxe3 21. Rf2 Nd5 22. Nh5 Bg6 23. Nf6+ Nxf6 24. exf6 Kd7 25. Re1 Rge8 26. Rd2+ Kc8 27. Re7 Rxd2 28. Rxe8+ Rd8 29. Re7 Rd7 30. Kf2 Rxe7 31. fxe7 Kd7 32. Bg5 h6 33. Bf6 Ke8 34. g4 Bd3 35. Ke3 Bf1 36. h4 Bh3 37. Kf4 Bf1 38. h5 Be2 39. g5 hxg5+ 40. Kxg5 Bd3 41. Kf4 c5 42. Ke5 c4 43. Kd5 Kd7 44. Kc5 Bc2 45. Kb4 Be4 46. Kxc4 Bh7 47. Kb4 Be4 48. c4 Bc6 49. Ka5 Ke6 50. Bh4 f6 51. h6 Be4 52. e8=Q+ 1-0


[Site "https://www.chess.com"]

[Event "Titled Tuesday Blitz June 14 Late 2022"]
[White "Remolar Gallen, Jose"]
[Black "Marin Ramirez, Gerardo"]
[WhiteFideId "2215187"]
[BlackFideId "3901068"]
[WhiteElo "2205"]
[BlackElo "1920"]
[Result "1-0"]
[Round "07"]
[TimeControl "180+1"]
[Date "2022.06.15"]
[WhiteClock "0:00:03"]
[BlackClock "0:00:01"]

1. d4 d5 2. c4 c6 3. Nc3 Nf6 4. Nf3 a6 5. cxd5 cxd5 6. g3 Bf5 7. Bg2 e6 8. O-O h6 9. Bf4 Nc6 10. Rc1 Bd6 11. Bxd6 Qxd6 12. Na4 O-O 13. Nc5 b5 14. Nd3 Ne4 15. Nde5 Rfc8 16. Rxc6 Rxc6 17. Nxc6 Qxc6 18. Ne5 Qc7 19. g4 Bh7 20. Bxe4 Bxe4 21. Qd2 Rc8 22. f3 Bh7 23. Kf2 f6 24. Nd3 Qc2 25. Rd1 Bxd3 26. exd3 Qxd2+ 27. Rxd2 Kf7 28. f4 Rc1 29. h4 Ke7 30. a3 Kd6 31. Kg3 a5 32. g5 hxg5 33. hxg5 b4 34. gxf6 gxf6 35. axb4 axb4 36. Kg4 b3 37. Kf3 Kc6 38. Ke3 Kb5 39. Re2 Kc6 40. Kf3 Kd6 41. Ke3 Rc6 42. Rh2 Rc2 43. Rxc2 1-0


[Site "https://www.chess.com"]

[Event "Titled Tuesday Blitz June 14 Late 2022"]
[White "Rios Escobar, Adan"]
[Black "Jiganchine, Roman"]
[WhiteFideId "3403645"]
[BlackFideId "2603667"]
[WhiteElo "2430"]
[BlackElo "2233"]
[Result "1-0"]
[Round "07"]
[TimeControl "180+1"]
[Date "2022.06.15"]
[WhiteClock "0:00:03"]
[BlackClock "0:00:02"]

1. d4 d5 2. Nf3 Nf6 3. g3 Bf5 4. c4 c6 5. Nc3 e6 6. Nh4 Bg6 7. Qb3 Qb6 8. Nxg6 hxg6 9. c5 Qc7 10. e4 dxe4 11. Bf4 Qc8 12. Bg2 Nbd7 13. Nxe4 Nxe4 14. Bxe4 Nf6 15. Bg2 Be7 16. O-O O-O 17. Rfe1 Rd8 18. Bh3 Nd5 19. Re4 Bf6 20. Rae1 Re8 21. Bd6 Qd7 22. Qf3 b5 23. Be5 a5 24. Bxf6 gxf6 25. Rh4 Kg7 26. Bg2 Rh8 27. Rhe4 f5 28. R4e2 Rad8 29. a3 a4 30. h4 Ne7 31. Rd2 Nd5 32. Qe2 Qe7 33. Qe5+ Qf6 34. Bxd5 Rxd5 35. Qc7 Rxd4 36. Rde2 Rhd8 37. Qxc6 Rd1 38. Qxb5 Rxe1+ 39. Rxe1 Rd2 40. Re2 Rd1+ 41. Kh2 Qd4 42. Qb8 f4 43. Qxf4 Qd3 44. Qe5+ Kh7 45. Qe4 Qxe4 46. Rxe4 Rd2 47. Kg2 Rxb2 48. Rxa4 Rc2 49. Ra7 Kg7 50. Ra5 Kf6 51. Kf3 Ke5 52. Ke3 Kd5 53. f3 Rc3+ 54. Kf4 f6 55. Kg4 Rc4+ 56. f4 Rc3 57. Kh3 f5 58. Kg2 Rc2+ 59. Kf3 Rc3+ 60. Kg2 Rc2+ 61. Kh3 Rc3 62. Ra7 Rxc5 63. Rg7 Ra5 64. Rxg6 Rxa3 65. h5 Ra1 66. Kh4 Rg1 67. h6 Kd6 68. Rg7 Rh1+ 69. Kg5 Rh3 70. h7 Rxg3+ 71. Kf6 Rh3 72. Kf7 1-0


[Site "https://www.chess.com"]

[Event "Titled Tuesday Blitz June 14 Late 2022"]
[White "Roman, Rodrigo"]
[Black "Bryakin, Mikhail"]
[WhiteFideId "3701220"]
[BlackFideId "4165314"]
[WhiteElo "2001"]
[BlackElo "2417"]
[Result "0-1"]
[Round "07"]
[TimeControl "180+1"]
[Date "2022.06.14"]
[WhiteClock "0:00:01"]
[BlackClock "0:00:11"]

1. Nf3 g6 2. d4 Bg7 3. c4 c5 4. e3 cxd4 5. exd4 d5 6. Nc3 Nf6 7. cxd5 Nxd5 8. Bc4 Nb6 9. Bb3 Nc6 10. Be3 O-O 11. O-O Na5 12. d5 Nxb3 13. Qxb3 e6 14. Rfd1 exd5 15. Bxb6 Qxb6 16. Qxb6 axb6 17. Nxd5 Bxb2 18. Rab1 Bg7 19. Ne7+ Kh8 20. Nxc8 Rfxc8 21. Rxb6 Rc7 22. g3 h6 23. Rdb1 Ra7 24. a4 Bc3 25. Kg2 Ba5 26. R6b5 b6 27. Ne5 Kg7 28. Nd3 Rc4 29. Nf4 Rxa4 30. Nd5 Ra2 31. Nxb6 Re7 32. Nc4 Bc3 33. R5b3 Bd4 34. Rf3 Ree2 35. Rf1 f5 36. h4 Rac2 37. Na3 Ra2 38. Nc4 Kf6 39. Kg1 g5 40. hxg5+ hxg5 41. Ne3 Ra5 42. Ng4+ Kg6 43. Ne3 g4 44. Rf4 Bxe3 45. fxe3 Rxe3 46. Kg2 Kg5 47. R1f2 Re1 48. Rf1 Ree5 49. R1f2 Ra3 50. Rf1 Ra6 51. R1f2 Rf6 52. Rf1 Kg6 53. R1f2 Kf7 54. Rd2 Ke6 55. Kf2 Rh6 56. Kg2 Re4 57. Rdf2 Rf6 58. Rd2 Rxf4 59. gxf4 Rh6 60. Re2+ Kf6 61. Rb2 Rh3 62. Rb6+ Kf7 63. Rb5 Ke6 64. Re5+ Kf6 65. Rc5 Rf3 66. Rc6+ Ke7 67. Rc4 Ke6 68. Rd4 Re3 69. Rb4 Kf6 70. Rb6+ Re6 71. Rb5 Re4 72. Kg3 Re3+ 73. Kg2 Rf3 74. Rb6+ Kg7 75. Rb4 Kg6 76. Rb6+ Kh5 77. Rb4 Kh4 78. Rc4 Rg3+ 79. Kh2 Ra3 80. Kg2 Ra2+ 81. Kf1 Kg3 0-1


[Site "https://www.chess.com"]

[Event "Titled Tuesday Blitz June 14 Late 2022"]
[White "Rosen, Eric"]
[Black "Swicarz, Maciej"]
[WhiteFideId "2032562"]
[BlackFideId "1113585"]
[WhiteElo "2362"]
[BlackElo "2049"]
[Result "1/2-1/2"]
[Round "07"]
[TimeControl "180+1"]
[Date "2022.06.14"]
[WhiteClock "0:00:08"]
[BlackClock "0:00:14"]

1. d4 f5 2. Bf4 d6 3. Nf3 Nf6 4. e3 g6 5. c4 Bg7 6. Nc3 O-O 7. c5 Nbd7 8. Qb3+ Kh8 9. Ng5 e5 10. Ne6 Nxc5 11. dxc5 Bxe6 12. Qxe6 exf4 13. O-O-O fxe3 14. Qxe3 Ng4 15. Qg3 Qg5+ 16. f4 Qf6 17. h3 Nh6 18. Qf2 dxc5 19. Qxc5 b6 20. Qc4 c5 21. Be2 Nf7 22. Bf3 Rad8 23. Rhe1 Nd6 24. Qe6 Qxe6 25. Rxe6 Nc4 26. Rxd8 Rxd8 27. Be2 Nd6 28. Re7 Re8 29. Rxe8+ Nxe8 30. Nd5 Bd4 31. b3 Kg7 32. Kc2 Nd6 33. Bd3 Ne4 34. Bxe4 fxe4 35. Kd1 Kf7 36. Nc7 Kf6 37. Ke2 h5 38. g3 Kf5 39. Nb5 h4 40. Nd6+ Ke6 41. Nxe4 hxg3 42. Nxg3 Kd5 43. h4 Bf6 44. f5 gxf5 45. h5 f4 46. Nf1 Ke4 47. Nd2+ Kf5 48. Kf3 b5 49. Ne4 Be7 50. h6 Kg6 51. Kxf4 Kxh6 52. Ke5 c4 53. bxc4 bxc4 54. Kd4 Kg6 55. Kxc4 Kf5 56. Kd5 Bf8 57. a4 Be7 58. Nc3 Kf6 59. Nb5 a5 60. Nd4 Bb4 61. Nc6 Be1 62. Kd6 Kf7 63. Ne5+ Ke8 64. Nd3 Bd2 65. Kc7 Ke7 66. Ne5 Bf4 67. Kb6 Bxe5 68. Kxa5 Bc3+ 69. Kb6 Kd6 70. Kb7 Kc5 71. a5 Bxa5 1/2-1/2


[Site "https://www.chess.com"]

[Event "Titled Tuesday Blitz June 14 Late 2022"]
[White "Rustemov, Alexander"]
[Black "Zhurbinsky, David"]
[WhiteFideId "4119002"]
[BlackFideId "2072904"]
[WhiteElo "2777"]
[BlackElo "2570"]
[Result "0-1"]
[Round "07"]
[TimeControl "180+1"]
[Date "2022.06.14"]
[WhiteClock "0:00:02"]
[BlackClock "0:00:04"]

1. d4 Nf6 2. Bg5 Ne4 3. Bh4 g5 4. f3 gxh4 5. fxe4 d5 6. exd5 Qxd5 7. Nc3 Qa5 8. Qd2 Nc6 9. e3 Bh6 10. Bb5 Bg4 11. h3 Bh5 12. Nf3 O-O-O 13. Bxc6 bxc6 14. O-O Rhg8 15. Nxh4 e6 16. Qf2 Rg7 17. Kh1 Rdg8 18. Rae1 f5 19. e4 f4 20. e5 Bg5 21. Ne4 Bxh4 22. Qxh4 f3 23. gxf3 Bg6 24. Nf6 Qd2 25. Qf2 Qf4 26. Nxg8 Rxg8 27. Rg1 Qh6 28. Kh2 Rf8 29. Rg3 Rf4 30. Qe3 Bf5 31. c3 Qh4 32. Reg1 Bg6 33. Rg4 Rxg4 34. Rxg4 Qe7 35. b4 a5 36. a3 axb4 37. axb4 Kb7 38. Rg1 Bf5 39. Qf4 Qf7 40. Qg5 Qf8 41. Qf6 Qa8 42. Rg2 Qa3 43. Qh4 Qxc3 44. Qf2 Qd3 45. Kg3 Qc4 46. Qd2 Qd5 47. Kf2 Qd7 48. h4 Bh3 49. Rg5 Bf5 50. h5 Qd5 51. h6 Qc4 52. Rg7 Qd5 53. Kg3 Qc4 54. Rf7 Qf1 55. Rxf5 exf5 56. Kf4 Qh3 57. Kg5 Qg3+ 58. Kf6 Qxf3 59. e6 Qh5 0-1


[Site "https://www.chess.com"]

[Event "Titled Tuesday Blitz June 14 Late 2022"]
[White "Sarana, Alexey"]
[Black "Aldokhin, Ivan"]
[WhiteFideId "24133795"]
[BlackFideId "24115720"]
[WhiteElo "2666"]
[BlackElo "2231"]
[Result "1-0"]
[Round "07"]
[TimeControl "180+1"]
[Date "2022.06.14"]
[WhiteClock "0:01:59"]
[BlackClock "0:00:52"]

1. d4 Nf6 2. c4 g6 3. Nc3 Bg7 4. e4 d6 5. Be2 O-O 6. Be3 Nc6 7. d5 Nb4 8. Nf3 Re8 9. O-O e6 10. a3 Na6 11. Qc2 exd5 12. cxd5 Qe7 13. Rfe1 Nxe4 14. Bxa6 Nxc3 15. Bg5 Bf5 16. Bd3 Ne4 17. Bxe7 1-0


[Site "https://www.chess.com"]

[Event "Titled Tuesday Blitz June 14 Late 2022"]
[White "Shirov, Alexei"]
[Black "Colpe, Malte"]
[WhiteFideId "2209390"]
[BlackFideId "24623075"]
[WhiteElo "2678"]
[BlackElo "2328"]
[Result "1-0"]
[Round "07"]
[TimeControl "180+1"]
[Date "2022.06.14"]
[WhiteClock "0:01:23"]
[BlackClock "0:01:39"]

1. e4 c5 2. Nc3 Nc6 3. Nge2 e5 4. Ng3 d6 5. Bc4 Be6 6. Bxe6 fxe6 7. Qh5+ g6 8. Qg4 Qe7 9. d3 Nd4 10. Bg5 Nf6 11. Qd1 O-O-O 12. O-O h6 13. Be3 h5 14. Bxd4 cxd4 15. Nb5 a6 16. Na3 h4 17. Ne2 g5 18. c3 dxc3 19. Nxc3 Nh5 20. Qb3 Kb8 21. Nc4 Nf4 22. Na5 g4 23. Nc6+ 1-0


[Site "https://www.chess.com"]

[Event "Titled Tuesday Blitz June 14 Late 2022"]
[White "Sibilio, Mario"]
[Black "Akrakan"]
[WhiteFideId "800422"]
[WhiteElo "2296"]
[BlackElo "2166"]
[Result "1-0"]
[Round "07"]
[TimeControl "180+1"]
[Date "2022.06.15"]
[WhiteClock "0:00:08"]
[BlackClock "0:00:55"]

1. d4 d5 2. c4 e6 3. Nf3 Nf6 4. Nc3 Be7 5. g3 O-O 6. Bg2 c5 7. cxd5 exd5 8. Bg5 cxd4 9. Nxd4 Be6 10. Rc1 Nc6 11. O-O Rc8 12. e3 Qd7 13. Na4 b6 14. Nxc6 Rxc6 15. Rxc6 Qxc6 16. Nc3 Rd8 17. Qb3 h6 18. Bf4 Qc4 19. Nb5 Qxb3 20. axb3 a6 21. Nd4 Rc8 22. Rd1 Kf8 23. Bf1 a5 24. Bd3 Bc5 25. f3 Ke7 26. g4 Nd7 27. Kf2 Nb8 28. Bb5 Nd7 29. Rd2 Bxd4 30. exd4 Nf6 31. h3 Ne8 32. Ba6 Ra8 33. Bb7 Ra7 34. Bc6 Nd6 35. Re2 g5 36. Bg3 Rc7 37. Ba4 b5 38. Bxd6+ Kxd6 39. Bxb5 Rb7 40. Ba4 Rb6 41. Rc2 Bd7 42. Bxd7 Kxd7 43. Rc5 Rxb3 44. Rxd5+ Ke6 45. Rxa5 Rxb2+ 46. Kg3 Rd2 47. Ra6+ Kd5 48. Rxh6 Rxd4 49. Rf6 Ke5 50. Rxf7 Ke6 51. Rf5 Rd3 52. Rxg5 Kf6 53. h4 Ra3 54. Rf5+ Kg6 55. h5+ Kg7 56. Kh4 Ra4 57. Kg5 Rb4 58. h6+ Kh7 59. Rf7+ Kg8 60. Kg6 Rb6+ 61. Rf6 Rb7 62. h7+ Rxh7 63. Rf8+ Kxf8 64. Kxh7 Kf7 65. g5 1-0


[Site "https://www.chess.com"]

[Event "Titled Tuesday Blitz June 14 Late 2022"]
[White "Sjugirov, Sanan"]
[Black "Kosteniuk, Alexandra"]
[WhiteFideId "4189302"]
[BlackFideId "4128125"]
[WhiteElo "2602"]
[BlackElo "2469"]
[Result "1-0"]
[Round "07"]
[TimeControl "180+1"]
[Date "2022.06.14"]
[WhiteClock "0:00:06"]
[BlackClock "0:00:08"]

1. e4 e5 2. Nf3 Nc6 3. Bb5 a6 4. Ba4 Nf6 5. Nc3 Bc5 6. d3 d6 7. Bxc6+ bxc6 8. d4 exd4 9. Nxd4 Bd7 10. O-O O-O 11. f3 Rb8 12. Kh1 h6 13. Nb3 Bb6 14. Qd3 Qc8 15. Ne2 Be6 16. Ng3 a5 17. Bd2 a4 18. Nd4 Bxd4 19. Qxd4 c5 20. Qc3 Nh7 21. f4 f5 22. e5 Qb7 23. b3 Bd5 24. Rg1 axb3 25. axb3 Ra8 26. Rae1 Rae8 27. Nh5 Rf7 28. Qg3 Be4 29. Bc3 Kh8 30. e6 Rxe6 31. Nxg7 Bxg2+ 32. Rxg2 Rxe1+ 33. Qxe1 Nf6 34. Bxf6 Rxf6 35. Qe8+ Kh7 36. Nh5 1-0


[Site "https://www.chess.com"]

[Event "Titled Tuesday Blitz June 14 Late 2022"]
[White "Sowa, Ryan"]
[Black "Buscar, Michael"]
[WhiteFideId "30901693"]
[BlackFideId "2603616"]
[WhiteElo "2564"]
[BlackElo "2010"]
[Result "1/2-1/2"]
[Round "07"]
[TimeControl "180+1"]
[Date "2022.06.15"]
[WhiteClock "0:00:10"]
[BlackClock "0:00:13"]

1. Nf3 d5 2. d4 Nf6 3. c4 e6 4. g3 c5 5. Bg2 Nc6 6. O-O Be7 7. cxd5 exd5 8. dxc5 Bxc5 9. b3 O-O 10. Bb2 Be6 11. Nc3 Ne4 12. Nb5 Qb6 13. Nbd4 Rfd8 14. Rc1 Bg4 15. e3 a5 16. h3 Bh5 17. g4 Bg6 18. Nh4 a4 19. Nxc6 bxc6 20. Nxg6 hxg6 21. Qc2 Ra5 22. Bxe4 axb3 23. axb3 dxe4 24. Bc3 Rb5 25. Qxe4 Rxb3 26. Bxg7 Bxe3 27. Rxc6 Qa7 28. Bf6 Bxf2+ 29. Rxf2 Rg3+ 30. Kf1 Rd1+ 31. Ke2 Re3+ 32. Qxe3 Re1+ 33. Kxe1 Qxe3+ 34. Re2 Qg3+ 35. Kd2 Qf4+ 36. Kc2 Kh7 37. Rc8 Qa4+ 38. Kd2 Qa5+ 39. Rc3 Qa2+ 40. Rc2 Qd5+ 41. Kc1 Qh1+ 42. Kb2 Qb7+ 43. Ka1 Qa6+ 44. Kb1 Qxf6 45. Kc1 Qf4+ 46. Kb2 Qb8+ 47. Kc3 Qg3+ 48. Kd4 Kg7 49. Re3 Qf4+ 50. Kd3 Qd6+ 51. Ke2 Qh2+ 52. Kd1 Qg1+ 53. Kd2 Qf2+ 54. Kd3 Qf1+ 55. Rce2 Qd1+ 56. Ke4 Qd6 57. Kf3 Qd5+ 58. Kf2 Qd4 59. Kg2 Qf4 60. Rf3 Qd4 61. Ref2 Qd5 62. Kh2 Qd6+ 63. Kg1 Qd1+ 64. Kh2 Qd5 65. Rxf7+ Kh6 66. R7f3 Qe5+ 67. Kg2 Qe4 68. Kg3 Qe5+ 69. Kg2 Kg5 70. Rc2 Qe4 71. Rc3 Kh4 72. Kf2 Qd4+ 73. Ke2 Qe4+ 74. Kd2 Qd4+ 75. Rcd3 Qb2+ 76. Ke3 Qe5+ 77. Kf2 Qb2+ 78. Kg1 Qb1+ 79. Kg2 Qb2+ 80. Rf2 Qe5 81. Rdf3 Qe4 82. Kf1 Qb1+ 83. Ke2 Qe4+ 84. Kd2 Qd4+ 85. Kc2 Qc4+ 86. Kd1 Qd4+ 87. Rd2 Qc4 88. Ke1 Qe4+ 89. Kf2 Qe5 90. g5 Qh2+ 91. Ke3 Qg1+ 92. Kd3 Kxg5 93. Rdf2 Qd1+ 94. Ke4 Qb1+ 95. Ke3 Qb3+ 96. Ke2 Qc2+ 97. Kf1 Qd1+ 98. Kg2 Qc1 99. Rg3+ Kh6 100. Rg4 Qc6+ 101. Kh2 Qd6+ 102. Kh1 Qd5+ 103. Rfg2 Qf5 104. Kh2 Qe5+ 105. Kg1 Qe1+ 106. Kh2 Qe5+ 107. R4g3 Kh5 108. Kh1 Qe1+ 109. Rg1 Qe4+ 110. Kh2 Qe5 111. Kg2 Qe4+ 112. Kf2 Qf4+ 113. Rf3 Qd4+ 114. Kg3 Qd6+ 115. Kg2 Qd5 116. Re1 g5 117. Kf2 Qd2+ 118. Re2 Qd4+ 119. Kf1 Qc4 120. Kf2 Qd4+ 121. Rfe3 Qf4+ 122. Kg2 Qf5 123. Rg3 Qd5+ 124. Kh2 Qb5 125. Reg2 Qe5 126. Kh1 Qe1+ 127. Kh2 Qe5 128. Rc2 Kh4 129. Rc4+ Kh5 130. Rg4 Qe2+ 131. Rg2 Qe5+ 132. Kh1 Qe1+ 133. Kh2 Qe5+ 134. Kg1 Qe1+ 135. Kh2 Qe5+ 1/2-1/2


[Site "https://www.chess.com"]

[Event "Titled Tuesday Blitz June 14 Late 2022"]
[White "Svane, Rasmus"]
[Black "Babazada, Khazar"]
[WhiteFideId "4657101"]
[BlackFideId "13413554"]
[WhiteElo "2674"]
[BlackElo "2406"]
[Result "1-0"]
[Round "07"]
[TimeControl "180+1"]
[Date "2022.06.14"]
[WhiteClock "0:00:17"]
[BlackClock "0:00:11"]

1. Nf3 c5 2. c4 b6 3. g3 Bb7 4. Bg2 g6 5. O-O Bg7 6. Nc3 Nf6 7. d4 cxd4 8. Qxd4 Nc6 9. Qf4 O-O 10. Rd1 d6 11. b3 a6 12. Bb2 Ne8 13. Qd2 Nc7 14. e3 b5 15. Nd4 Nxd4 16. Bxb7 Rb8 17. Bg2 Nde6 18. cxb5 axb5 19. b4 Qd7 20. Rdc1 Rfc8 21. h4 h5 22. Bh3 Rb6 23. Ne2 Rc6 24. Rxc6 Qxc6 25. Rc1 Qd7 26. Nf4 Bxb2 27. Qxb2 Ne8 28. Rxc8 Qxc8 29. Bxe6 fxe6 30. Nxg6 Kf7 31. Nf4 Nf6 32. Qb1 Qg8 33. Qd3 Qg4 34. Qe2 Qf5 35. a3 e5 36. Qd3 Qg4 37. Nd5 Ne4 38. Nc3 Nxc3 39. Qxc3 Qd1+ 40. Kg2 Ke6 41. e4 Qe2 42. Qb3+ Kd7 43. Qf3 Qc4 44. g4 hxg4 45. Qxg4+ Kc7 46. Qf3 Qg8+ 47. Kh2 Qh7 48. h5 e6 49. Kh3 d5 50. exd5 exd5 51. Qxd5 Qxh5+ 52. Kg3 Qg5+ 53. Kf3 Qh5+ 54. Ke3 Qg5+ 55. Ke2 Qg4+ 56. Qf3 Qc4+ 57. Qd3 Qg4+ 58. Kf1 e4 59. Qe2 Qh3+ 60. Kg1 Qxa3 61. Qxe4 Qc1+ 62. Kg2 Qg5+ 63. Kh3 Qh5+ 64. Kg3 Qg5+ 65. Qg4 Qe7 66. Qd4 Qg5+ 67. Kf3 Qh5+ 68. Ke3 Qh3+ 69. f3 Qe6+ 70. Qe4 Qb3+ 71. Kf2 Qb2+ 72. Kg3 Qg7+ 73. Qg4 Qc3 74. Qf4+ Kd7 75. Kg4 Qg7+ 76. Kh3 Qh7+ 77. Kg3 Qb1 78. Qg4+ Kd6 79. Qd4+ Ke6 80. Qe4+ Qxe4 81. fxe4 Ke5 82. Kf3 Kd4 83. Kf4 Kc4 84. e5 Kxb4 85. e6 Kc3 86. e7 b4 87. e8=Q b3 88. Qe4 b2 89. Qb1 Kd2 1-0


[Site "https://www.chess.com"]

[Event "Titled Tuesday Blitz June 14 Late 2022"]
[White "Toncheva, Nadya"]
[Black "Bjelobrk, Igor"]
[WhiteFideId "2924056"]
[BlackFideId "4300726"]
[WhiteElo "1888"]
[BlackElo "2335"]
[Result "1/2-1/2"]
[Round "07"]
[TimeControl "180+1"]
[Date "2022.06.15"]
[WhiteClock "0:00:03"]
[BlackClock "0:00:18"]

1. e4 c5 2. Nf3 e6 3. d4 cxd4 4. Nxd4 Nf6 5. Nc3 Nc6 6. Nxc6 bxc6 7. e5 Nd5 8. Ne4 Qc7 9. f4 Rb8 10. Bd3 Qb6 11. Qe2 Be7 12. c3 O-O 13. g4 f6 14. exf6 Nxf6 15. Nxf6+ Bxf6 16. g5 Be7 17. Bxh7+ Kxh7 18. Qh5+ Kg8 19. g6 Bh4+ 20. Qxh4 Rf5 21. Qh7+ Kf8 22. Qh8+ Ke7 23. Qxg7+ Kd8 24. Qh8+ Kc7 25. g7 Ba6 26. g8=Q Rxg8 27. Qxg8 e5 28. Qg4 Qb5 29. Kf2 Qc5+ 30. Be3 Qf8 31. h4 exf4 32. Bd2 Qc5+ 33. Ke1 Re5+ 34. Kd1 Be2+ 35. Qxe2 Rxe2 36. Kxe2 Qe5+ 37. Kd1 f3 38. Kc2 Qe4+ 39. Kb3 Qd5+ 40. Kc2 Qe4+ 41. Kb3 Qd5+ 42. Kc2 Qe4+ 1/2-1/2


[Site "https://www.chess.com"]

[Event "Titled Tuesday Blitz June 14 Late 2022"]
[White "Trakru, Rohun"]
[Black "Bolanos, Fernando"]
[WhiteFideId "2097613"]
[BlackFideId "3304094"]
[WhiteElo "1746"]
[BlackElo "2048"]
[Result "1-0"]
[Round "07"]
[TimeControl "180+1"]
[Date "2022.06.15"]
[WhiteClock "0:00:03"]
[BlackClock "0:00:03"]

1. e4 c5 2. Nc3 Nc6 3. Bb5 e5 4. Bxc6 bxc6 5. d3 d6 6. f4 exf4 7. Bxf4 Nf6 8. Nf3 Be7 9. O-O O-O 10. Qe2 Bg4 11. h3 Bh5 12. Rae1 Re8 13. Qf2 Qb6 14. b3 Rad8 15. e5 Nd5 16. Nxd5 cxd5 17. e6 Bf6 18. exf7+ Bxf7 19. Qg3 Qa5 20. Bxd6 Rxe1 21. Rxe1 Qxa2 22. Be7 Bxe7 23. Rxe7 Qxc2 24. Ne5 Rf8 25. Nd7 Re8 26. Nf6+ Kf8 27. Nxe8 Kxe7 28. Nxg7 Qxb3 29. Qe5+ Kf8 30. Nf5 Qb1+ 31. Kh2 Qb7 32. Qd6+ Kg8 33. Qxc5 h5 34. Qe3 Qc7+ 35. Kg1 a5 36. Qg5+ Kf8 37. Qg7+ Ke8 38. Qh8+ Kd7 39. Qf6 Kc8 40. Ne7+ Kd8 41. Nxd5+ Kd7 42. Nxc7 1-0


[Site "https://www.chess.com"]